 Dungeon Crawl Stone Soup version 0.31.0-32-g396128a36d (webtiles) character file.

Game seed: 5486012987973553248

1837687 Sphyrna the Conqueror (level 27, 273/273 HPs)
             Began as a Minotaur Berserker on Mar 15, 2024.
             Was a High Priest of Trog.
             Escaped with the Orb
             ... and 3 runes
             ... and 1 gem on Mar 16, 2024!
             The game lasted 05:16:08 (67278 turns).

Sphyrna the Conqueror (Minotaur Berserker)         Turns: 67278, Time: 05:16:09

Health: 273/273    AC: 57    Str: 35    XL:     27
Magic:  19/19      EV: 17    Int:  9    God:    Trog [*****.]
Gold:   5858       SH: 25    Dex: 14    Spells: 26/26 levels left

rFire   + + .        f - +10 morningstar "Eos" {elec, Halo rElec}
rCold   + + .        y - +2 shield of Resistance {rF++ rC++ Will++}
rNeg    + . .        O - +12 crystal plate armour of Fedhas's Benevolence {rF- Regen+ Str+2}
rPois   .            (helmet restricted)
rElec   +            A - +2 cloak {rCorr}
rCorr   +            o - +2 pair of gloves {Dex+3}
SInv    .            K - +2 pair of boots {rampage}
Will    +++++        e - amulet of reflection Stlth
                     q - ring of Kihuxut {^Drain rF+ Will++ Int+5}
HPRegen 1.45/turn    a - ring of positive energy
MPRegen 0.16/turn

%: reflection, rampage
@: glowing
A: horns 2, retaliatory headbutt, iridescent scales 1, low MP 1, weak 1,
inability to read after injury 1
0: Orb of Zot
}: 3/15 runes: barnacled, silver, gossamer
a: Renounce Religion, Berserk, Trog's Hand, Brothers in Arms


You escaped.
You worshipped Trog.
Trog was extremely pleased with you.
You visited 10 branches of the dungeon, and saw 48 of its levels.
You also visited: Sewer, Bailey and Volcano.

You collected 8349 gold pieces.
You spent 2491 gold pieces at shops.

Inventory:

Hand Weapons
 f - the +10 morningstar "Eos" (weapon) {elec, Halo rElec}
   (Trog gifted it to you on level 2 of the Orcish Mines)

   Halo:      It grants its wielder a halo, revealing invisible creatures and
   increasing accuracy against all within it other than the wielder.
   rElec:     It insulates you from electricity.
Armour
 d - the +0 hat "Jidwonez" {Regen+ MP+9 Dex+3}
   (You acquired it on level 6 of the Dungeon)

   Dex+3:     It affects your dexterity (+3).
   MP+9:      It affects your magic capacity (+9).
   Regen+:    It increases your rate of health regeneration.
 o - a +2 pair of gloves of dexterity (worn)
 y - the +2 shield of Resistance (worn) {rF++ rC++ Will++}
   (You acquired it on level 2 of the Orcish Mines)

   rF++:      It greatly protects you from fire.
   rC++:      It greatly protects you from cold.
   Will++:    It greatly increases your willpower.
 A - a +2 cloak of preservation (worn)
 K - a +2 pair of boots of rampaging (worn)
 O - the +12 crystal plate armour of Fedhas's Benevolence (worn) {rF- Regen+ Str+2}
   (You acquired it on level 3 of the Realm of Zot)

   Str+2:     It affects your strength (+2).
   rF-:       It makes you vulnerable to fire.
   Regen+:    It increases your rate of health regeneration.
Jewellery
 a - a ring of positive energy (right hand)
 e - an amulet of reflection (around neck)
 k - a ring of positive energy
 q - the ring of Kihuxut (left hand) {^Drain rF+ Will++ Int+5}
   (You bought it in a shop on level 1 of the Vaults)

   [ring of protection from fire]

   Int+5:     It affects your intelligence (+5).
   rF+:       It protects you from fire.
   Will++:    It greatly increases your willpower.
   ^Drain:    It drains your maximum health when unequipped.
 Y - a ring of poison resistance
 Z - a ring of protection from fire
Wands
 s - a wand of paralysis (35)
 C - a wand of flame (85)
 D - a wand of roots (47)
 J - a wand of polymorph (15)
 M - a wand of mindburst (67)
 N - a wand of digging (4)
 X - a wand of light (20)
Scrolls
 i - 12 scrolls of enchant weapon
 j - 4 scrolls of revelation
 l - 8 scrolls of fog
 m - a scroll of poison
 n - 3 scrolls of brand weapon
 u - 15 scrolls of blinking
 R - 39 scrolls of identify
 T - 11 scrolls of teleportation
 U - 3 scrolls of silence
 V - 13 scrolls of fear
 W - 2 scrolls of butterflies
Potions
 b - 3 potions of haste
 c - 30 potions of curing
 g - 11 potions of attraction
 h - 12 potions of heal wounds
 p - 8 potions of invisibility
 t - 8 potions of enlightenment
 v - 5 potions of might
 x - 8 potions of cancellation
 F - 7 potions of ambrosia
 H - 8 potions of lignification
 L - 2 potions of resistance
 S - 2 potions of magic
Miscellaneous
 r - a sack of spiders
 B - a lightning rod (4/4)
 E - a phantom mirror
 G - a phial of floods
 I - a condenser vane


   Skills:
 O Level 27 Fighting
 O Level 27 Maces & Flails
 - Level 5.0(18.6) Staves
 + Level 18.5 Throwing
 O Level 27 Armour
 + Level 21.4 Dodging
 O Level 27 Shields


You had 26 spell levels left.
You didn't know any spells.
Your spell library was empty.

Dungeon Overview and Level Annotations

Branches:
Dungeon (15/15)            Temple (1/1) D:6            Lair (5/5) D:9
 Shoals (4/4) Lair:2       Spider (4/4) Lair:2        Slime (0/5) Lair:5
    Orc (2/2) D:10            Elf (3/3) Orc:2        Vaults (5/5) D:13
  Crypt (0/3) Vaults:2     Depths (4/4) D:15            Zot (5/5) Depths:4
  Sewer (visited)          Bailey (visited)         Volcano (visited)

Altars:
Ashenzari
Cheibriados
Dithmenos
Elyvilon
Fedhas
Gozag
Hepliaklqana
Kikubaaqudgha
Makhleb
Nemelex Xobeh
Okawaru
Qazlal
Ru
Sif Muna
Trog
Uskayaw
Vehumet
Wu Jian
Xom
Yredelemnul
Zin
The Shining One

Shops:
D:6 *   Orc:2 *[[:   Elf:1 [   Elf:2 ![*   Elf:3 ?   Shoals:1 (:   Shoals:3 *(
Vaults:1 =   Vaults:3 (   Depths:1 *(

Portals:
Hell: Depths:1 Depths:2 Depths:3 Depths:4
Abyss: Depths:2 Depths:3 Depths:4
Pandemonium: Depths:2 Depths:4
Ziggurat: Depths:1

Annotations:
Zot:4 2 transporters, Uneer's ghost, legendary GnFE


Innate Abilities, Weirdness & Mutations

You have a pair of horns on your head.
You reflexively headbutt those who attack you in melee.
You are partially covered in iridescent scales. (AC +2)
Your magical capacity is low. (-10% MP)
You are weak. (Str -2)
You occasionally lose the ability to read scrolls when taking damage.


Message History

The bolt of cold hits you! You resist.
You climb upwards.
There is a stone staircase leading down here.
What level of the Dungeon? (default 1, ? - help) HP restored.
You see here a +0 shortbow.
There is a stone staircase leading up here.
You climb upwards.
There is a stone staircase leading down here.
There is a stone staircase leading up, spattered with blood here.
You climb upwards.
There is a stone staircase leading down here.
You see here a +0 club.
There is an open door here.
There is an open door here.
There is a stone staircase leading up here.
You climb upwards.
There is a stone staircase leading down here.
There is a stone staircase leading up here.
You climb upwards.
There is a stone staircase leading down here.
There is a stone staircase leading up here.
You climb upwards.
There is a stone staircase leading down here.
There is a stone staircase leading up here.
You climb upwards.
There is a stone staircase leading down here.
There is a stone staircase leading up here.
You climb upwards.
There is a stone staircase leading down here.
There is an open door here.
There is a staircase leading out of the dungeon here.
Okay, then.
Unknown command.
Unknown command.
Press: ? - help, v - describe, . - travel A staircase leading out of the dungeon.
This square is lit by a halo and is covered in magical glow.
Unknown command.
You have escaped!

###...#####.## ### ##
#............# .# #............#
.# #............#
.###............##
.................#
################'################
.# ##.......................##...
.# #............@............#...
.###.....#####.....#####.....#...
...#....##...##...##...##....#...
.#.#...##..8..##'##..8..##...#...
.#.#..##.................##..#...
.#.#.##...................##.#...
##........##############.........
########[.##.......# #.#...#...
##....#####.# #.#.#.#...


There were no monsters in sight!

Vanquished Creatures
  2 dread liches (Zot:5)
  13 orbs of fire
  3 ancient liches
  2 pandemonium lords
  3 juggernauts (Depths:4)
  7 Killer Klowns
  A curse toe (Zot:5)
  2 caustic shrikes (Depths:4)
  Margery (Vaults:5)
  Jory (Vaults:5)
  18 golden dragons
  2 bone dragons (Zot:4)
  A Tzitzimitl (Depths:3)
  A hellephant (Vaults:5)
  4 electric golems
  A Hell Sentinel (Depths:3)
  26 tentacled monstrosities
  3 liches
  3 deep elf blademasters
  2 deep elf master archers (Elf:3)
  7 titans
  25 Orb Guardians
  A walking frostbound tome (Depths:4)
  The ghost of mihai the Severer, an adept MiFi of the Shining One (Spider:4)
  A walking divine tome (Depths:4)
  3 sphinxes
  An eldritch tentacle (Elf:2)
  7 quicksilver dragons
  The ghost of destino the Covert, an adept OpFE of Gozag (Shoals:1)
  3 acid blobs (Depths:1)
  14 shadow dragons
  7 tengu reavers
  7 death cobs
  Frances (D:12)
  20 storm dragons
  10 protean progenitors
  4 azure jellies (Depths:1)
  9 draconian monks
  17 frost giants
  4 emperor scorpions
  6 draconian knights
  20 vault wardens
  5 deep elf sorcerers
  12 draconian scorchers
  A balrug (Depths:2)
  20 fire giants
  5 draconian shifters
  5 rockslimes (Depths:1)
  An orc warlord (Vaults:1)
  5 ghost moths
  3 iron dragons
  A ghoul (Elf:1)
  3 deep elf elementalists (Elf:3)
  19 ironbound preservers
  A reaper (D:10)
  5 draconian stormcallers
  4 broodmothers
  2 formless jellyfish
  4 spriggan defenders
  A juggernaut skeleton (Depths:2)
  7 stone giants
  2 draconian annihilators
  14 very ugly things
  8 ironbound thunderhulks
  16 red draconians
  18 green draconians
  9 deep elf death magi
  8 black draconians
  9 deep elf annihilators
  19 white draconians
  10 vampire knights
  9 deep elf demonologists
  14 purple draconians
  14 dire elephants
  18 yellow draconians
  A lorocyproca (Depths:2)
  The ghost of ratatoskos the Jinx, a journeyman BaHs of Hepliaklqana (Lair:4)
  Azrael (D:13)
  4 war gargoyles
  9 spark wasps
  An eidolon (Elf:1)
  18 ettins
  2 spectral elves (Elf:1)
  A crystal guardian (Vaults:4)
  12 fire dragons
  8 merfolk impalers
  Josephine (D:11)
  8 entropy weavers
  2 deep elf high priests (Zot:3)
  4 merfolk javelineers (Shoals:4)
  8 yaktaur captains
  7 jiangshi
  Fannar (D:11)
  6 great orbs of eyes
  31 vault guards
  6 rakshasas
  Harold (D:10)
  4 hydras
  3 ogre magi
  2 peacekeepers (Vaults:4)
  8 spriggan air magi
  12 ironbound frosthearts
  4 radroaches
  26 centaur warriors
  3 merfolk avatars
  8 ice dragons
  3 anacondas (Lair:5)
  A jorogumo (Spider:1)
  8 merfolk aquamancers
  38 dancing weapons
  A satyr (Shoals:2)
  4 death yaks
  10 boulder beetles
  11 two-headed ogres
  6 deep troll earth magi
  6 deep troll shamans
  8 spriggan berserkers
  15 demonic crawlers
  6 tengu warriors
  Urug (D:13)
  4 vampire magi
  4 orc high priests
  4 occultists
  25 hell knights
  5 spriggans
  22 deep elf knights
  2 soul eaters
  9 shadow wraiths
  2 fire crabs (Lair:5)
  4 iron trolls
  8 skysharks
  8 pharaoh ants
  Lodul (D:13)
  58 deep trolls
  8 skeletal warriors
  6 orb spiders
  3 elf simulacra (Elf:1)
  A sea snake (shapeshifter) (Vaults:4)
  2 flayed ghosts
  4 arcanists
  A mana viper (shapeshifter) (Depths:4)
  2 sun moths
  18 ironbound convokers
  6 lindwurms
  4 shadow demons
  12 sea snakes
  A tengu zombie (Vaults:4)
  32 harpies
  7 steelbarb worms
  5 glowing orange brains
  19 deep elf archers
  9 necromancers
  8 phantasmal warriors
  23 wolf spiders
  4 orc knights
  49 deep elf pyromancers
  32 ugly things
  A shadow dragon skeleton (Depths:2)
  A stone giant zombie (Vaults:2)
  30 deep elf zephyrmancers
  2 human zombies
  4 fauns (shapeshifter)
  11 fauns
  20 manticores
  34 moths of wrath
  A shining eye (shapeshifter) (Vaults:5)
  7 orc sorcerers
  A salamander (shapeshifter) (Depths:3)
  13 meliai
  9 cyclopes
  Joseph (D:7)
  3 merfolk sirens
  A rust devil (Depths:2)
  7 water nymphs
  5 elephants
  4 kobold blastminers (Orc:2)
  3 black mambas
  2 gargoyles
  15 cane toads
  20 vault sentinels
  9 torpor snails
  2 efreet
  6 rime drakes
  Jeremiah (D:7)
  Psyche (D:11)
  3 freezing wraiths
  18 yaktaurs
  3 tengu conjurers
  2 kobold demonologists
  7 komodo dragons
  4 harpy zombies (Shoals:4)
  9 hornets
  A red devil (Depths:4)
  2 human skeletons
  3 wind drakes
  5 hellwings
  6 trolls
  A wind drake (shapeshifter) (Depths:4)
  43 merfolk
  4 glass eyes
  A hornet (shapeshifter) (D:13)
  4 polar bears
  18 blink frogs
  2 tyrant leeches (Zot:5)
  7 dream sheep
  18 tarantellas
  An iron dragon simulacrum (Depths:2)
  A human simulacrum (Vaults:4)
  13 snapping turtles
  20 culicivoras
  A dream sheep (shapeshifter) (Vaults:4)
  A spriggan skeleton (Depths:2)
  29 slime creatures
  2 air elementals
  A shadow (D:12)
  22 jumping spiders
  A jumping spider (shapeshifter) (Vaults:4)
  16 water elementals
  A vampire (Elf:1)
  37 yaks
  8 wraiths
  8 wyverns
  4 basilisks
  27 fire elementals
  Grum (D:10)
  An elf zombie (Vaults:2)
  16 humans (D:13)
  2 steam dragons
  8 wargs
  8 vampire mosquitoes
  51 redbacks
  An ogre zombie (Vaults:2)
  Menkaure (D:7)
  A swamp worm (shapeshifter) (D:15)
  2 spatial vortices (Elf:2)
  An acid dragon (D:12)
  A glowing shapeshifter zombie (Vaults:4)
  16 water moccasins
  13 hell hounds
  A black bear (shapeshifter) (Elf:2)
  27 orc warriors
  A sky beast (D:7)
  10 ogres
  16 ice beasts
  A small abomination (Depths:4)
  3 black bears
  2 laughing skulls (D:13)
  A manticore zombie (Shoals:4)
  8 centaurs
  22 wolves
  A phantom (D:5)
  3 weeping skulls (Elf:1)
  15 bullfrogs
  5 kobold brigands
  3 gnoll sergeants
  2 brain worms (Sewer)
  6 scorpions
  An earth elemental (Elf:2)
  8 wights
  15 killer bees
  7 howler monkeys
  10 electric eels
  4 hounds
  9 bombardier beetles
  12 jellies
  28 orc priests
  2 quasits (D:5)
  A gnoll bouda (D:6)
  A sleepcap (D:6)
  An iguana (D:6)
  34 orc wizards
  13 adders
  21 gnolls
  2 river rats (Sewer)
  A shadow imp (D:6)
  A white imp (D:6)
  5 ufetubi
  4 dart slugs
  73 orcs
  2 bats (D:1)
  9 endoplasms
  7 giant cockroaches
  9 hobgoblins
  3 jackals (Sewer)
  21 kobolds
  2 quokkas
  5 ball pythons
  14 frilled lizards
  7 goblins
  6 rats
  An aspiring flesh (Zot:3)
  A spectral weapon (Elf:3)
2428 creatures vanquished.

Vanquished Creatures (collateral kills)
  An orb of fire (Zot:5)
  A dread lich (Vaults:5)
  A Killer Klown (Zot:5)
  2 Orb Guardians (Zot:5)
  A frost giant (Depths:4)
  A draconian shifter (Zot:4)
  A white draconian (Zot:5)
  A two-headed ogre (Orc:2)
  A vault sentinel (Vaults:5)
  An orc warrior (Orc:2)
  An orc wizard (Orc:2)
12 creatures vanquished.

Vanquished Creatures (others)
  An ironbound preserver (Vaults:2)
  A water elemental (Elf:1)
  A yak (Lair:5)
  2 chaos spawn (Zot:5)
  An orc priest (Orc:2)
  An orc wizard (Orc:2)
  A lost soul (Elf:1)
8 creatures vanquished.

Grand Total: 2448 creatures vanquished

Notes
Turn   | Place    | Note
-------+----------+-------------------------------------------
     0 | D:1      | Sphyrna the Minotaur Berserker began the quest for the Orb.
     0 | D:1      | Reached XP level 1. HP: 19/19 MP: 0/0
   147 | D:1      | Reached XP level 2. HP: 19/27 MP: 1/1
   843 | D:1      | Reached ** piety under Trog
   844 | D:1      | Reached XP level 3. HP: 33/33 MP: 2/2
  1672 | D:3      | Found a sacrificial altar of Ru.
  1748 | D:3      | Reached XP level 4. HP: 41/41 MP: 3/3
  1896 | D:3      | Found a shimmering blue altar of Sif Muna.
  1901 | D:3      | Found a sparkling altar of Nemelex Xobeh.
  1933 | D:3      | Reached skill level 5 in Fighting
  2249 | D:3      | Reached XP level 5. HP: 48/48 MP: 4/4
  2267 | D:3      | Reached skill level 5 in Maces & Flails
  2333 | D:4      | Found a shimmering altar of Xom.
  2430 | D:4      | Found a radiant altar of Vehumet.
  2447 | D:4      | Found a glowing drain.
  2456 | Sewer    | Entered a sewer
  2467 | Sewer    | Reached *** piety under Trog
  2676 | Sewer    | Reached XP level 6. HP: 52/56 MP: 5/5
  2691 | Sewer    | Reached skill level 5 in Armour
  3135 | Sewer    | Reached XP level 7. HP: 62/64 MP: 6/6
  4081 | D:5      | Entered Level 5 of the Dungeon
  4591 | D:5      | Reached XP level 8. HP: 73/73 MP: 7/7
  5052 | D:6      | Identified a scroll of acquirement
  5052 | D:6      | Acquired the +0 hat "Jidwonez" {Regen+ MP+9 Dex+3}
  5342 | D:6      | Reached **** piety under Trog
  5583 | D:6      | Reached XP level 9. HP: 70/82 MP: 8/8
  5842 | D:6      | Found a staircase to the Ecumenical Temple.
  5892 | D:6      | Found Jagy Bee's Neck Hole.
  5901 | D:6      | Bought a +2 cloak of willpower for 236 gold pieces
  6198 | D:7      | Noticed Jeremiah
  6247 | D:7      | Killed Jeremiah
  6407 | D:7      | Noticed a two-headed ogre
  6411 | D:7      | Killed a two-headed ogre
  6412 | D:7      | Reached skill level 10 in Fighting
  6412 | D:7      | Reached skill level 10 in Maces & Flails
  6477 | D:7      | Reached skill level 10 in Armour
  6484 | D:7      | Noticed Menkaure
  6488 | D:7      | Killed Menkaure
  6911 | D:7      | Noticed Joseph
  6925 | D:7      | Killed Joseph
  6926 | D:7      | Reached XP level 10. HP: 35/94 MP: 9/9
  7206 | Temple   | Entered the Ecumenical Temple
  7330 | D:8      | Noticed a two-headed ogre
  7337 | D:8      | Killed a two-headed ogre
  7393 | D:8      | Noticed a cyclops
  7407 | D:8      | Killed a cyclops
  7434 | D:8      | Noticed a centaur warrior
  7449 | D:8      | Killed a centaur warrior
  7472 | D:8      | Noticed a centaur warrior
  7768 | D:8      | Noticed a two-headed ogre
  7770 | D:8      | Noticed a sun demon
  7812 | D:8      | Noticed a gargoyle
  7814 | D:8      | Killed a two-headed ogre
  7820 | D:8      | Killed a gargoyle
  7821 | D:8      | Reached XP level 11. HP: 105/105 MP: 10/10
  8177 | D:8      | Killed a centaur warrior
  8310 | D:9      | Found a flagged portal.
  8338 | Bailey   | Entered a bailey
  8629 | Bailey   | Noticed an orc knight
  8645 | Bailey   | Killed an orc knight
  8722 | Bailey   | Found a large runed translucent door.
  8722 | Bailey   | Found a large runed translucent door.
  8723 | Bailey   | Noticed a deep elf pyromancer
  8725 | Bailey   | Found the +7 great mace "Firestarter" {flame, immolate,
                  | rFlCloud rF++}
  8767 | Bailey   | Killed a deep elf pyromancer
  8771 | Bailey   | Identified the +4 scale mail "Ilekuid" {rC- Dex+4 Slay+5}
  8796 | Bailey   | Identified the +6 shortbow "Veylye" {freeze, Str+3 Int-4}
  8941 | D:9      | Found a staircase to the Lair.
  9082 | D:9      | Found a hazy altar of Hepliaklqana.
  9107 | D:9      | Reached ***** piety under Trog
  9897 | D:10     | Entered Level 10 of the Dungeon
  9901 | D:10     | Found a staircase to the Orcish Mines.
 10050 | D:10     | Found a snail-covered altar of Cheibriados.
 10097 | D:10     | Noticed Grum
 10138 | D:10     | Killed Grum
 10154 | D:10     | Noticed Harold
 10160 | D:10     | Killed Harold
 10694 | D:11     | Reached XP level 12. HP: 110/117 MP: 11/11
 10817 | D:11     | Noticed Fannar
 10828 | D:11     | Killed Fannar
 10834 | D:11     | Reached ****** piety under Trog
 10953 | D:11     | Noticed Josephine
 10965 | D:11     | Killed Josephine
 11062 | D:11     | Received a gift from Trog
 11177 | D:11     | Noticed Psyche
 11184 | D:11     | Killed Psyche
 11606 | D:12     | Reached skill level 15 in Fighting
 11621 | D:12     | Reached skill level 15 in Maces & Flails
 11627 | D:12     | Reached skill level 15 in Armour
 11680 | D:12     | Found an ancient bone altar of Kikubaaqudgha.
 12095 | D:13     | Noticed Frances
 12102 | D:13     | Noticed Azrael
 12173 | D:12     | Killed Frances
 12241 | D:13     | Reached XP level 13. HP: 120/128 MP: 12/12
 12271 | D:13     | Killed Azrael
 12553 | D:13     | Found a snail-covered altar of Cheibriados.
 12693 | D:13     | Identified the +0 plate armour of Valiance {rElec rPois
                  | Str+3}
 12734 | D:13     | Noticed Lodul
 12761 | D:13     | Killed Lodul
 12803 | D:13     | Noticed Urug
 12827 | D:13     | Killed Urug
 12981 | D:13     | Found a gate to the Vaults.
 13290 | D:14     | Received a gift from Trog
 13707 | D:15     | Entered Level 15 of the Dungeon
 13749 | D:15     | Reached XP level 14. HP: 134/140 MP: 13/13
 14790 | D:15     | Found a staircase to the Depths.
 15042 | Lair:1   | Entered Level 1 of the Lair of Beasts
 15181 | Lair:1   | Received a gift from Trog
 15267 | Lair:1   | Reached skill level 1 in Shields
 16026 | Lair:2   | Found a hole to the Spider Nest.
 16469 | Lair:2   | Found a staircase to the Shoals.
 16814 | Lair:3   | Reached skill level 5 in Shields
 16819 | Lair:3   | Received a gift from Trog
 17588 | Lair:4   | Found a runed translucent door.
 17598 | Lair:4   | Noticed ratatoskos's ghost (journeyman BaHs)
 17794 | Lair:4   | Reached XP level 15. HP: 128/150 MP: 14/14
 17960 | Lair:4   | Identified the +7 lajatang of the Jester {freeze, rN+}
 18257 | Lair:4   | Killed ratatoskos's ghost
 18278 | Lair:5   | Entered Level 5 of the Lair of Beasts
 18346 | Lair:5   | Found a staircase to the Slime Pits.
 18617 | Lair:5   | Got an earthy gem with 194 turns to spare
 18828 | Lair:5   | Received a gift from Trog
 19423 | Spider:1 | Entered Level 1 of the Spider Nest
 19623 | Spider:1 | Reached skill level 10 in Shields
 19787 | Spider:1 | Received a gift from Trog
 20301 | Spider:1 | Reached XP level 16. HP: 127/160 MP: 15/15
 21468 | Spider:2 | Received a gift from Trog
 22157 | Spider:4 | Entered Level 4 of the Spider Nest
 22964 | Spider:4 | Received a gift from Trog
 22965 | Spider:4 | Found the +7 lajatang of Order {silver, rMut}
 23288 | Spider:4 | Reached XP level 17. HP: 156/170 MP: 16/16
 23658 | Spider:4 | Found a runed translucent gate.
 23658 | Spider:4 | Found a runed translucent gate.
 23658 | Spider:4 | Noticed mihai's ghost (adept MiFi)
 23659 | Spider:4 | Found a runed translucent gate.
 24123 | Spider:4 | Got a gossamer rune of Zot
 24358 | Orc:1    | Entered Level 1 of the Orcish Mines
 24393 | Orc:2    | Entered Level 2 of the Orcish Mines
 24585 | Orc:1    | Found a dark tunnel.
 24628 | Volcano  | Entered a volcano
 24747 | Volcano  | Reached skill level 15 in Shields
 25184 | Orc:2    | Found a staircase to the Elven Halls.
 25514 | Orc:1    | Received a gift from Trog
 26060 | Orc:2    | Gained mutation: Armour fits poorly on your strangely
                  | shaped body. [a neqoxec]
 26069 | Orc:2    | Received a gift from Trog
 26069 | Orc:2    | Found the +10 morningstar "Eos" {elec, Halo rElec}
 26264 | Orc:2    | Found Imuergh's Armour Shoppe.
 26304 | Orc:2    | Found Data's Book Shoppe.
 26305 | Orc:2    | Found Daufol's Antique Armour Emporium.
 26308 | Orc:2    | Found Onuosm's Assorted Antiques.
 26460 | Orc:2    | Acquired the +2 shield of Resistance {rF++ rC++ Will++}
 26460 | Orc:2    | Found the +2 shield of Resistance {rF++ rC++ Will++}
 26661 | D:6      | Bought an amulet of reflection for 330 gold pieces
 26675 | D:6      | Acquired a manual of Dodging
 26858 | Elf:1    | Entered Level 1 of the Elven Halls
 27053 | Elf:1    | Received a gift from Trog
 27304 | Elf:1    | Reached skill level 5 in Dodging
 27700 | Elf:1    | Reached XP level 18. HP: 179/182 MP: 17/17
 27729 | Elf:1    | Found Xugeq's Armour Emporium.
 27851 | Elf:1    | Identified the +0 chain mail "Vuh Biolone" {rPois}
 28303 | Elf:2    | Identified the +9 plate armour of Mapsam {Will+}
 28365 | Elf:2    | Received a gift from Trog
 28472 | Elf:2    | Found Owneed's Armour Shoppe.
 28472 | Elf:2    | Found Wugideash's Distillery.
 28472 | Elf:2    | Found Siblecw's General Store.
 28701 | Elf:2    | Noticed an Ice Fiend
 28791 | Elf:2    | Received a gift from Trog
 29024 | Elf:2    | Bought 2 potions of curing for 120 gold pieces
 29024 | Elf:2    | Bought a potion of resistance for 200 gold pieces
 29024 | Elf:2    | Bought a potion of curing for 60 gold pieces
 29109 | Elf:2    | Found a huge runed translucent gate.
 29109 | Elf:2    | Found a huge runed translucent gate.
 29109 | Elf:2    | Found a huge runed translucent gate.
 29109 | Elf:2    | Found a huge runed translucent gate.
 29110 | Elf:2    | Found a huge runed translucent gate.
 29724 | Elf:2    | Identified the blade talisman "Muatz" {*Corrode +Blink
                  | rElec Str+6}
 29820 | Elf:3    | Entered Level 3 of the Elven Halls
 30121 | Elf:3    | Received a gift from Trog
 30243 | Elf:3    | Identified the +8 quarterstaff of Doom {speed, *Rage Fly
                  | Int+3}
 30276 | Elf:3    | Noticed a Hell Sentinel
 30541 | Elf:3    | Found Feuskaag's Magic Scroll Boutique.
 30549 | Elf:3    | Bought a scroll of teleportation for 42 gold pieces
 30549 | Elf:3    | Bought a scroll of blinking for 105 gold pieces
 30549 | Elf:3    | Bought a scroll of blinking for 105 gold pieces
 30842 | Elf:3    | Identified the +4 spear "Dragonbane" {spect, Int+2 Stlth+}
 30849 | Elf:3    | Reached XP level 19. HP: 170/188 MP: 18/18
 30858 | Elf:3    | Identified the +8 eveningstar "Xugobrypokk" {flame, rElec
                  | rC++} (Trog gifted it to you on level 3 of the Elven Halls)
 30858 | Elf:3    | Received a gift from Trog
 30941 | Elf:3    | Identified the +7 dagger "Erunkufo" {holy, rC+ Dex+4}
 30953 | Elf:3    | Identified the +6 spear of Arbitration {vamp, rElec Will+
                  | Str-3 Int+2}
 30994 | Elf:3    | Reached skill level 10 in Dodging
 31009 | Elf:3    | Identified the +7 war axe "Bingo" {flame, *Slow rPois
                  | Dex+3}
 31030 | Elf:3    | Identified the +5 short sword "Jutsit" {pain, *Rage Str+8
                  | Int+3}
 31826 | Elf:3    | Identified the staff of Intense Honour {rElec Dex+3 Air}
 31829 | Elf:3    | Identified the +1 scale mail "Kisug" {rN+}
 31843 | Elf:3    | Identified the +2 ring mail "Puuvucw" {*Corrode Str+5}
 32117 | Shoals:1 | Entered Level 1 of the Shoals
 32185 | Shoals:1 | Received a gift from Trog
 32249 | Shoals:1 | Found Tiygu's Book Boutique.
 32412 | Shoals:1 | Found a large runed translucent door.
 32413 | Shoals:1 | Found a large runed translucent door.
 32416 | Shoals:1 | Noticed destino's ghost (adept OpFE)
 32503 | Shoals:1 | Found Vaow's Weapon Shop.
 32803 | Shoals:1 | Killed destino's ghost
 32946 | Shoals:2 | Reached skill level 1 in Throwing
 33178 | Shoals:2 | Received a gift from Trog
 33931 | Shoals:3 | Found Daniutif's Antique Weapon Shoppe.
 34180 | Shoals:3 | Found Sathac's General Store.
 34307 | Shoals:3 | Identified the +4 demon whip of Zuekliabb {flame, rF- Str+3
                  | Dex+7} (Trog gifted it to you on level 3 of the Shoals)
 34307 | Shoals:3 | Received a gift from Trog
 34888 | Shoals:4 | Entered Level 4 of the Shoals
 35440 | Shoals:4 | Reached XP level 20. HP: 201/201 MP: 19/19
 36012 | Shoals:4 | Received a gift from Trog
 36197 | Shoals:4 | Got a barnacled rune of Zot
 36524 | Vaults:1 | Entered Level 1 of the Vaults
 36864 | Vaults:1 | Found Vemnualo's Jewellery Shop.
 37259 | Vaults:1 | Received a gift from Trog
 37293 | Vaults:1 | Reached skill level 5 in Throwing
 38016 | Vaults:2 | Found a staircase to the Crypt.
 38082 | Vaults:2 | Reached skill level 15 in Dodging
 38289 | Vaults:2 | You fall into a shaft and drop 1 floor!
 38505 | Vaults:3 | Received a gift from Trog
 38807 | Vaults:3 | Found Zyafonk's Antique Weapon Boutique.
 39233 | Vaults:3 | Reached XP level 21. HP: 210/210 MP: 20/20
 40801 | Vaults:4 | Received a gift from Trog
 41238 | Vaults:4 | Identified the +7 arbalest of Getwasmo {freeze, rF+ rC+}
 41426 | Vaults:4 | Received a gift from Trog
 42214 | Depths:1 | Entered Level 1 of the Depths
 42370 | Depths:1 | Found Eqedoick's General Store.
 42375 | Depths:1 | Found Locwoecs's Weapon Shop.
 42708 | Depths:1 | Found a gateway to Hell.
 42829 | Depths:1 | Received a gift from Trog
 43152 | Depths:1 | Found a runed translucent door.
 43252 | Depths:1 | Reached XP level 22. HP: 222/222 MP: 21/21
 43301 | Depths:1 | Found a one-way gateway to a ziggurat.
 43648 | Depths:2 | Found a one-way gate to the infinite horrors of the Abyss.
 43773 | Depths:2 | Noticed a golden dragon
 43787 | Depths:2 | Killed a golden dragon
 43805 | Depths:2 | Noticed a golden dragon
 43831 | Depths:2 | Received a gift from Trog
 43962 | Depths:2 | Killed a golden dragon
 44022 | Depths:2 | Identified the staff "Nubruc" {rPois rF++ Alchemy}
 44022 | Depths:2 | Identified the +8 plate armour "Rybew" {rElec rN+}
 44409 | Depths:2 | Found a one-way gate leading to the halls of Pandemonium.
 44692 | Depths:2 | Identified the +3 leather armour "Jobraero" {Rampage rF+}
 44867 | Depths:2 | Received a gift from Trog
 45270 | Depths:3 | Found a shadowy altar of Dithmenos.
 45973 | Depths:3 | Received a gift from Trog
 46022 | Depths:3 | Found a shadowy altar of Dithmenos.
 46022 | Depths:3 | Found the +10 Black Knight's barding {ponderous, rPois rN+}
 46023 | Depths:3 | Found the +2 hood of the Assassin {Detect Stab+ Stlth++}
 46148 | Depths:3 | Identified the +8 shadow dragon scales of Polish {rCorr
                  | Dex+2 Stlth++++}
 46228 | Depths:3 | Reached skill level 10 in Throwing
 46423 | Depths:4 | Entered Level 4 of the Depths
 46431 | Depths:4 | Noticed a golden dragon
 46436 | Depths:4 | Killed a golden dragon
 46567 | Depths:4 | Noticed a golden dragon
 46580 | Depths:4 | Killed a golden dragon
 46614 | Depths:4 | Found an opulent altar of Gozag.
 46614 | Depths:4 | Found a glowing golden altar of the Shining One.
 46615 | Depths:4 | Found a shimmering altar of Xom.
 46646 | Depths:4 | Reached XP level 23. HP: 220/230 MP: 22/22
 46817 | Depths:4 | Found a gate to the Realm of Zot.
 47048 | Depths:4 | Noticed a caustic shrike
 47068 | Depths:4 | Killed a caustic shrike
 47206 | Depths:4 | Received a gift from Trog
 47307 | Depths:4 | Noticed a juggernaut
 47322 | Depths:4 | Killed a juggernaut
 47544 | Depths:4 | Noticed a juggernaut
 47555 | Depths:4 | Killed a juggernaut
 47727 | Depths:4 | Noticed a juggernaut
 47743 | Depths:4 | Killed a juggernaut
 47873 | Depths:4 | Noticed a caustic shrike
 47880 | Depths:4 | Killed a caustic shrike
 48403 | Vaults:5 | Entered Level 5 of the Vaults
 48481 | Vaults:4 | Received a gift from Trog
 48707 | Vaults:5 | Noticed a dread lich
 48829 | Vaults:5 | Identified the +4 double sword of Kutwizo {pain, rN+}
 49115 | Vaults:5 | Reached XP level 24. HP: 201/243 MP: 22/22
 49168 | Vaults:5 | Received a gift from Trog
 49283 | Vaults:5 | Noticed an ancient lich
 49296 | Vaults:5 | Killed an ancient lich
 49472 | Vaults:5 | Identified the +0 steam dragon scales of Lugonu's
                  | Displeasure {rC- Will+ Regen+}
 49522 | Vaults:5 | Noticed an ancient lich
 49540 | Vaults:5 | Killed an ancient lich
 49626 | Vaults:5 | Identified the +5 spear "Plog" {flame, *Corrode Will+
                  | Int+3}
 49646 | Vaults:5 | Noticed Margery
 49658 | Vaults:5 | Killed Margery
 49707 | Vaults:5 | Received a gift from Trog
 49814 | Vaults:5 | Identified the +9 orcbow of Execution {heavy, Str+2 Dex+2}
 49828 | Vaults:5 | Noticed Jory
 49843 | Vaults:5 | Killed Jory
 50237 | Vaults:5 | Killed a dread lich
 50313 | Vaults:5 | Got a silver rune of Zot
 51343 | Spider:4 | Killed mihai's ghost
 52789 | Depths:1 | Received a gift from Trog
 52798 | Depths:1 | Identified the +0 chain mail of Tenacity {rN++ Dex+3}
 53657 | Zot:1    | Entered Level 1 of the Realm of Zot
 53676 | Zot:1    | Reached skill level 1 in Staves
 53998 | Zot:1    | Reached skill level 5 in Staves
 54457 | Zot:1    | Reached XP level 25. HP: 168/253 MP: 22/22
 55161 | Zot:1    | Received a gift from Trog
 55839 | Zot:2    | Received a gift from Trog
 56873 | Zot:2    | Received a gift from Trog
 57700 | Zot:3    | Reached skill level 27 in Fighting
 57795 | Zot:3    | You fall into a shaft and drop 1 floor!
 57931 | Zot:4    | Reached skill level 27 in Maces & Flails
 58085 | Zot:4    | Noticed a dread lich
 58086 | Zot:4    | Noticed Uneer's ghost (legendary GnFE)
 59448 | Zot:3    | Received a gift from Trog
 59566 | Zot:3    | Reached skill level 27 in Armour
 59575 | Zot:3    | Reached XP level 26. HP: 264/266 MP: 22/22
 59589 | Zot:3    | Reached skill level 27 in Shields
 59674 | Zot:3    | Identified the +1 hand axe of Ancient Evil {drain, ^Fragile
                  | Fly MP+9}
 60499 | Zot:3    | Acquired the +12 crystal plate armour of Fedhas's
                  | Benevolence {rF- Regen+ Str+2}
 60857 | Vaults:1 | Bought the ring of Kihuxut {^Drain rF+ Will++ Int+5} for
                  | 661 gold pieces
 61358 | Zot:4    | Noticed an orb of fire
 61359 | Zot:4    | Gained mutation: You are occasionally teleported next to
                  | monsters. [an orb of fire]
 61433 | Zot:4    | Found a transporter.
 61439 | Zot:4    | Found a transporter.
 61446 | Zot:4    | Gained mutation: Your magical capacity is low. (-10% MP)
                  | [an orb of fire]
 61447 | Zot:4    | Gained mutation: You are clumsy. (Dex -2) [an orb of fire]
 61458 | Zot:4    | Killed an orb of fire
 61481 | Zot:4    | Noticed an orb of fire
 61498 | Zot:4    | Gained mutation: Your spells are a little easier to cast,
                  | but a little less powerful. [an orb of fire]
 61507 | Zot:4    | Gained mutation: Your magical capacity is very low. (-20%
                  | MP) [an orb of fire]
 61508 | Zot:4    | Gained mutation: Your body sometimes deteriorates upon
                  | taking damage. [an orb of fire]
 61520 | Zot:4    | Killed an orb of fire
 61580 | Zot:4    | Received a gift from Trog
 61764 | Zot:4    | Reached skill level 15 in Throwing
 61942 | Zot:4    | Lost mutation: Armour fits poorly on your strangely shaped
                  | body. [potion of mutation]
 61942 | Zot:4    | Lost mutation: You are clumsy. (Dex -2) [potion of
                  | mutation]
 61942 | Zot:4    | Gained mutation: You are dopey. (Int -2) [potion of
                  | mutation]
 61942 | Zot:4    | Gained mutation: Your magical capacity is extremely low.
                  | (-30% MP) [potion of mutation]
 61942 | Zot:4    | Lost mutation: Your spells are a little easier to cast, but
                  | a little less powerful. [potion of mutation]
 61943 | Zot:4    | Lost mutation: You are occasionally teleported next to
                  | monsters. [potion of mutation]
 61943 | Zot:4    | Lost mutation: Your magical capacity is extremely low.
                  | (-30% MP) [potion of mutation]
 61943 | Zot:4    | Gained mutation: You are vulnerable to heat. (rF-) [potion
                  | of mutation]
 61943 | Zot:4    | Lost mutation: You are dopey. (Int -2) [potion of mutation]
 61943 | Zot:4    | Gained mutation: You have hidden genetic defects. [potion
                  | of mutation]
 61944 | Zot:4    | Lost mutation: Your magical capacity is very low. (-20% MP)
                  | [potion of mutation]
 61944 | Zot:4    | Lost mutation: You have hidden genetic defects. [potion of
                  | mutation]
 61944 | Zot:4    | Lost mutation: Your body sometimes deteriorates upon taking
                  | damage. [potion of mutation]
 61944 | Zot:4    | Gained mutation: Your body sometimes deteriorates upon
                  | taking damage. [potion of mutation]
 61944 | Zot:4    | Gained mutation: You have a pair of large horns on your
                  | head. [potion of mutation]
 61947 | Zot:4    | Lost mutation: You are vulnerable to heat. (rF-) [potion of
                  | mutation]
 61947 | Zot:4    | Lost mutation: Your body sometimes deteriorates upon taking
                  | damage. [potion of mutation]
 61947 | Zot:4    | Lost mutation: Your magical capacity is low. (-10% MP)
                  | [potion of mutation]
 61947 | Zot:4    | Gained mutation: You have sharp fingernails. [potion of
                  | mutation]
 61947 | Zot:4    | Gained mutation: You are partially covered in iridescent
                  | scales. (AC +2) [potion of mutation]
 61952 | Zot:5    | Entered Level 5 of the Realm of Zot
 63038 | Zot:5    | Noticed an ancient lich
 63049 | Zot:5    | Killed an ancient lich
 63258 | Zot:5    | Noticed an orb of fire
 63437 | Zot:5    | Gained mutation: You are dopey. (Int -2) [an orb of fire]
 63440 | Zot:5    | Gained mutation: You occasionally shout uncontrollably at
                  | your foes. [an orb of fire]
 63453 | Zot:5    | Gained mutation: Your spells are a little easier to cast,
                  | but a little less powerful. [an orb of fire]
 63458 | Zot:5    | Gained mutation: You frequently scream uncontrollably at
                  | your foes. [an orb of fire]
 63461 | Zot:5    | Killed an orb of fire
 63538 | Zot:5    | Noticed an orb of fire
 63538 | Zot:5    | Gained mutation: Your magical capacity is low. (-10% MP)
                  | [an orb of fire]
 63538 | Zot:5    | Noticed an orb of fire
 63538 | Zot:5    | Gained mutation: Your magical capacity is very low. (-20%
                  | MP) [an orb of fire]
 63539 | Zot:5    | Gained mutation: Your health recovers twice as slowly from
                  | being drained. [an orb of fire]
 63546 | Zot:5    | Noticed an orb of fire
 63551 | Zot:5    | Gained mutation: You occasionally lose the ability to read
                  | scrolls when taking damage. [an orb of fire]
 63553 | Zot:5    | Killed an orb of fire
 63568 | Zot:5    | Killed an orb of fire
 63576 | Zot:5    | Killed an orb of fire
 63741 | Zot:5    | Noticed a dread lich
 63753 | Zot:5    | Killed a dread lich
 63753 | Zot:5    | Received a gift from Trog
 63768 | Zot:5    | Noticed an orb of fire
 63770 | Zot:5    | Noticed an orb of fire
 63771 | Zot:5    | Gained mutation: You are weak. (Str -2) [an orb of fire]
 63775 | Zot:5    | Gained mutation: You sometimes lose your temper in combat.
                  | [an orb of fire]
 63778 | Zot:5    | Gained mutation: Armour fits poorly on your strangely
                  | shaped body. [an orb of fire]
 63782 | Zot:5    | Reached XP level 27. HP: 234/273 MP: 17/17
 63786 | Zot:5    | Killed an orb of fire
 63788 | Zot:5    | Gained mutation: Your magical capacity is extremely low.
                  | (-30% MP) [an orb of fire]
 63789 | Zot:5    | Gained mutation: You have an uncontrollable temper. [an orb
                  | of fire]
 63796 | Zot:5    | Killed an orb of fire
 63841 | Zot:5    | Noticed an orb of fire
 63842 | Zot:5    | Noticed an orb of fire
 63849 | Zot:5    | Gained mutation: You sometimes lose the ability to read
                  | scrolls when taking damage. [an orb of fire]
 63850 | Zot:5    | Noticed an orb of fire
 63855 | Zot:5    | Noticed an orb of fire
 63857 | Zot:5    | Noticed an orb of fire
 63859 | Zot:5    | Noticed an orb of fire
 63860 | Zot:5    | Killed an orb of fire
 63866 | Zot:5    | Killed an orb of fire
 63872 | Zot:5    | Gained mutation: You are clumsy. (Dex -2) [an orb of fire]
 63874 | Zot:5    | Killed an orb of fire
 63877 | Zot:5    | Gained mutation: Potions are less effective at restoring
                  | your health. [an orb of fire]
 63879 | Zot:5    | Gained mutation: Your body sometimes deteriorates upon
                  | taking damage. [an orb of fire]
 63882 | Zot:5    | Killed an orb of fire
 63883 | Zot:5    | Noticed a dread lich
 63890 | Zot:5    | Killed an orb of fire
 63989 | Zot:5    | Gained mutation: Your spells are easier to cast, but less
                  | powerful. [an orb of fire]
 64000 | Zot:5    | Killed an orb of fire
 64233 | Zot:5    | Killed a dread lich
 65040 | Zot:5    | Lost mutation: Your magical capacity is extremely low.
                  | (-30% MP) [potion of mutation]
 65040 | Zot:5    | Lost mutation: Your health recovers twice as slowly from
                  | being drained. [potion of mutation]
 65040 | Zot:5    | Lost mutation: Your magical capacity is very low. (-20% MP)
                  | [potion of mutation]
 65040 | Zot:5    | Lost mutation: You are dopey. (Int -2) [potion of mutation]
 65041 | Zot:5    | Lost mutation: You are clumsy. (Dex -2) [potion of
                  | mutation]
 65041 | Zot:5    | Lost mutation: Your spells are easier to cast, but less
                  | powerful. [potion of mutation]
 65041 | Zot:5    | Lost mutation: Potions are less effective at restoring your
                  | health. [potion of mutation]
 65041 | Zot:5    | Lost mutation: Your body sometimes deteriorates upon taking
                  | damage. [potion of mutation]
 65670 | Elf:2    | Bought a potion of mutation for 160 gold pieces
 65670 | Elf:2    | Bought 2 potions of mutation for 320 gold pieces
 65670 | Elf:2    | Lost mutation: Armour fits poorly on your strangely shaped
                  | body. [potion of mutation]
 65670 | Elf:2    | Lost mutation: You frequently scream uncontrollably at your
                  | foes. [potion of mutation]
 65670 | Elf:2    | Lost mutation: You are partially covered in iridescent
                  | scales. (AC +2) [potion of mutation]
 65670 | Elf:2    | Gained mutation: You are partially covered in iridescent
                  | scales. (AC +2) [potion of mutation]
 65671 | Elf:2    | Lost mutation: Your spells are a little easier to cast, but
                  | a little less powerful. [potion of mutation]
 65671 | Elf:2    | Lost mutation: You have an uncontrollable temper. [potion
                  | of mutation]
 65671 | Elf:2    | Lost mutation: You occasionally shout uncontrollably at
                  | your foes. [potion of mutation]
 65671 | Elf:2    | Gained mutation: Your magical capacity is very low. (-20%
                  | MP) [potion of mutation]
 65671 | Elf:2    | Lost mutation: You are weak. (Str -2) [potion of mutation]
 65672 | Elf:2    | Lost mutation: You have a pair of large horns on your head.
                  | [potion of mutation]
 65672 | Elf:2    | Lost mutation: You sometimes lose your temper in combat.
                  | [potion of mutation]
 65672 | Elf:2    | Lost mutation: You sometimes lose the ability to read
                  | scrolls when taking damage. [potion of mutation]
 65672 | Elf:2    | Lost mutation: Your magical capacity is very low. (-20% MP)
                  | [potion of mutation]
 65672 | Elf:2    | Gained mutation: You are weak. (Str -2) [potion of
                  | mutation]
 65672 | Elf:2    | Lost mutation: You have sharp fingernails. [potion of
                  | mutation]
 66043 | Depths:1 | Bought a potion of mutation for 152 gold pieces
 66464 | Zot:5    | Got the Orb of Zot
 66491 | Zot:5    | Noticed Mitorosa the pandemonium lord
 66675 | Depths:4 | Noticed Qasme the pandemonium lord
 66707 | Depths:4 | Killed Qasme the pandemonium lord
 66816 | Depths:3 | Noticed Ezieric the pandemonium lord
 66866 | Depths:1 | Killed Ezieric the pandemonium lord
 67278 | D:$      | Escaped with the Orb!

Illustrated notes

Levels and vault maps discovered:
D:1:      giann_horns, layout_basic, serial_forest, infiniplex_forest_3_way,
          infiniplex_forest_clump_diagonal, infiniplex_forest_lined_3,
          infiniplex_forest_end_double, infiniplex_forest_end_1,
          infiniplex_forest_lined_room_3, minmay_lizard_king
D:2:      layout_rooms
D:3:      layout_loops_ring, nicolae_ru_sacrificial_ziggurat,
          grunt_temple_overflow_open, kennysheep_generic_room_5
D:4:      layout_cave_pools, mainiacjoe_overflow_small_starburst,
          nicolae_vehumet_altar_sigil, portal_sewer_entry_d,
          wad_floor_pattern_2, nicolae_letterblocks [nicolae_letter_subblock,
          nicolae_letter_subblock, nicolae_letter_subblock,
          nicolae_letter_subblock, nicolae_letter_subblock,
          nicolae_letter_subblock, nicolae_letter_subblock,
          nicolae_letter_subblock, nicolae_letter_subblock,
          nicolae_letter_subblock, nicolae_letter_subblock,
          nicolae_letter_subblock, nicolae_letter_subblock,
          nicolae_letter_subblock, nicolae_letter_subblock,
          nicolae_letter_subblock, nicolae_letter_subblock,
          nicolae_letter_subblock, nicolae_letter_subblock,
          nicolae_letter_subblock, nicolae_letter_subblock,
          nicolae_letter_subblock, nicolae_letter_subblock,
          nicolae_letter_subblock, nicolae_letter_subblock]
D:5:      layout_rooms, serial_demonic, serial_demonic_b, serial_demonic_g,
          serial_demonic_a, serial_demonic_g, minmay_door_square,
          nrook_mini_vaults
D:6:      layout_basic, minmay_temple_entry_from_below_a,
          nicolae_shop_sticking_my_neck_out
D:7:      layout_basic, uniq_menkaure, uniq_jeremiah, uniq_joseph
D:8:      layout_basic, minmay_misc_feat_doors,
          hangedman_abyss_or_decor_jellyfish_corner, minmay_shattered_shrine
D:9:      layout_roguey, mainiacjoe_overflow_24_doors, hellmonk_lair_entry_icy,
          enter_bailey_4, serial_co_window_serial, co_window_of_opportunity_a,
          co_window_cross_1, co_window_of_opportunity_a, co_window_corner_a,
          co_window_paths_a, co_window_corner_b, co_window_broadway_a,
          co_window_2corner, co_window_4corner_a, amcnicky_mini_pool_small,
          amethyst_killhole
D:10:     layout_small_grid, mainiacjoe_overflow_six_doors_small, david_orc_2,
          serial_bayou, serial_bayou_pond_b, serial_bayou_pond_a,
          serial_bayou_crossing, serial_bayou_lake_a, uniq_grum, uniq_harold
D:11:     layout_irregular_city, minivault_23, nooodl_orcs_dogs, uniq_psyche,
          uniq_fannar, uniq_josephine
D:12:     layout_cave_pools, roderic_serpentine_path, minmay_misc_feat_rows,
          kiku_gazebo_garden_becter
D:13:     minmay_twisted_water, layout_basic, david_vaults_3, slow_altar_2,
          uniq_frances, uniq_azrael
D:14:     layout_small_grid
D:15:     gammafunk_enter_depths_forms, layout_cave_pools, nicolae_benzene_ring
Temple:   eino_wide_crystal_templ
Lair:1:   layout_cave_pods, grunt_megastairs_4, serial_bayou_shore_a
Lair:2:   layout_chaotic_city, elwin_shoals_entry_rooms, dummy_spider_entry
Lair:3:   layout_loops_ring, lemuel_fruit_tree
Lair:4:   layout_loops_ring, gammafunk_ghost_grave, beast_lair_carwin_3,
          grunt_megastairs_3
Lair:5:   gammafunk_lair_ancient_temple, layout_loops_ring,
          minmay_slime_entry_jelly_boxes, pdpol_lair_neglected_garden,
          nicolae_lair_lakeside_cave
Shoals:1: layout_shoals, serial_shops, shop, nicolae_shop_statue_plus,
          ebering_ghost_disaster_area
Shoals:2: layout_shoals
Shoals:3: layout_shoals, serial_shops, nicolae_shop_tiny_waterfront, shop
Shoals:4: shoals_end_simple, layout_shoals, nicolae_shoals_undead_eyrie
Spider:1: layout_spider_delve
Spider:2: layout_spider_delve, drop_trap
Spider:3: layout_spider_delve
Spider:4: hellmonk_spider_rune_bug_friends, gammafunk_ghost_split
Orc:1:    layout_diamond_mine, nicolae_volcano_entry_vermiform,
          nicolae_orc_stony_grotto
Orc:2:    st_orc_mages, layout_diamond_mine
Elf:1:    minmay_elf_arrival_circle, layout_loops_corners, serial_shops,
          nicolae_shop_pleasant_corner_grove, minivault_28, dk_noncrumbling_4,
          grunt_ministairs_1, nicolae_elf_deep_mausoleum
Elf:2:    elven_hall_of_blades_hangedman_alternative
          [nicolae_blade_little_rooms], layout_onion_city,
          nicolae_wooded_promenade, hangedman_research_quantum, lemuel_elevator
Elf:3:    grunt_elf_hall_spiral, layout_rooms, serial_shops, shop,
          amcnicky_mini_rare_corridor_liquid
Vaults:1: serial_library_hellmonk_open_square, v_rooms_6,
          nicolae_vaults_closet_pinwheel_4, nicolae_vaults_quartermaster,
          v_misc_2, nicolae_vaults_more_shelving_2, hangedman_vaults_restitches,
          serial_library_hellmonk_open_cross, nicolae_vaults_storage_room_glass,
          vaults_mumra_hexcomb, vaults_room_pool, layout_vaults_maze,
          serial_shops, nicolae_shop_getting_attention
Vaults:2: hangedman_vaults_hat, hangedman_vaults_slice, ontoclasm_vaults_tryst,
          nicolae_vaults_little_squares_3, minmay_crypt_entry_simple_sparse,
          v_misc_9, hangedman_vaults_capsules, nicolae_vaults_wine_cellar,
          vaults_dpeg_ring, layout_vaults_quadrants
Vaults:3: nicolae_vaults_circle_grid_a, v_pattern_2,
          nicolae_vaults_cornered_office, nicolae_vaults_shrinking_rooms_1,
          nicolae_vaults_big_ls, ontoclasm_vaults_gateway,
          layout_vaults_chaotic_city, serial_shops, nicolae_shop_back_alley_shop
Vaults:4: v_rooms_5, grunt_vaults_swirl, vaults_room_fours,
          vaults_mumra_bighexcomb, nicolae_vaults_turnstiles,
          vaults_standard_mumra_enter_the_diamond, layout_vaults_big_cross
Vaults:5: uniq_margery, uniq_jory
Depths:1: layout_gridlike, enter_ziggurat_a, hell_entry, minmay_fountain_box,
          hangedman_decor_push, kennysheep_another_room, minmay_acid_items,
          serial_bayou_shore_b, minmay_shop_star
Depths:2: minmay_the_grid_triangle_9x9_rhombus_thin
          [minmay_the_grid_triangle_9x9_warning,
          minmay_the_grid_triangle_9x9_prize_top_heavy,
          minmay_the_grid_triangle_9x9_stretched_checkered,
          minmay_the_grid_triangle_9x9_longest], layout_honeycomb,
          grunt_decor_mini_mirrors, rand_demon_pan_entry_7, hell_entry,
          nicolae_abyss_entry_one_way_or_another, nicolae_zig_zag_zippers,
          infiniplex_staircase_pool_2
Depths:3: regret_index_dithmenos_brocken_genspenst, layout_gridlike,
          abyss_entry, hangedman_tar_grid_catacomb,
          nicolae_dithmenos_through_a_glass_darkly,
          infiniplex_staircase_zigzag_1
Depths:4: hangedman_slaughterboxes, abyss_entry, hell_entry, pan_entry
Zot:1:    layout_gridlike, grunt_ministairs_13
Zot:2:    lemuel_firehouse, layout_cathedral_of_symmetry
Zot:3:    hangedman_zot_vaults_quadrants, layout_onion_interference,
          st_stairs_10
Zot:4:    grunt_zot_stairs_mandelzot, layout_misc_corridors,
          hangedman_zot_diagonal_lockstep, gammafunk_ghost_mausoleum
Zot:5:    layout_gridlike

Skill      XL: |  1  2  3  4  5  6  7  8  9 10 11 12 13 14 15 16 17 18 19 20 21 22 23 24 25 26 27 |
---------------+----------------------------------------------------------------------------------+-----
Fighting       | 4 5 6 7 9 10 12 14 15 17 18 19 20 21 22 23 24 25 26 27 | 27.0
Maces & Flails | 4 5 6 7 8 10 12 13 15 17 18 19 20 21 22 23 24 25 27 | 27.0
Armour         | 3 4 5 6 8 10 11 13 15 16 18 19 20 21 22 23 24 25 27 | 27.0
Shields        | 6 10 14 16 18 19 20 22 23 24 25 26 27 | 27.0
Dodging        | 5 9 13 15 16 19 21 | 21.4
Throwing       | 3 6 8 10 12 13 16 18 | 18.5
Staves         | 5 |  5.0

Action                     |  1- 3 |  4- 6 |  7- 9 | 10-12 | 13-15 | 16-18 | 19-21 | 22-24 | 25-27 || total
---------------------------+-------+-------+-------+-------+-------+-------+-------+-------+-------++-------
  Melee: Mace              |   175 |   136 |    23 |       |       |       |       |       |       ||   334
         Headbutt          |    35 |    22 |    47 |    72 |   128 |   249 |   444 |   622 |   589 ||  2208
         Punch             |     2 |       |       |     2 |       |       |       |     2 |       ||     6
         Whip              |       |       |   171 |       |       |       |       |       |       ||   171
         Flail             |       |       |    87 |     8 |       |       |       |       |       ||    95
         Morningstar       |       |       |       |   177 |       |   584 |    31 |  1385 |  1468 ||  3645
         Great mace        |       |       |       |   198 |   644 |   499 |       |    17 |       ||  1358
         Eveningstar       |       |       |       |       |       |       |  1647 |   266 |       ||  1913
 Invoke: Berserk           |       |       |     3 |     5 |     1 |       |       |       |       ||     9
         Trog's Hand       |       |       |       |     1 |       |     2 |       |     4 |     5 ||    12
         Brothers in Arms  |       |       |       |       |       |     2 |     1 |     2 |     9 ||    14
    Use: Scroll            |       |       |    17 |     6 |     5 |    11 |       |     2 |     9 ||    50
         Potion            |       |       |       |       |     1 |     1 |       |       |    20 ||    22
   Stab: Distracted        |       |     1 |       |       |       |       |       |     3 |     1 ||     5
 Armour: Fire dragon scale |    45 |    92 |    43 |       |       |       |       |       |       ||   180
         Animal skin       |     4 |       |       |       |       |       |       |       |       ||     4
         Chain mail        |       |       |   160 |    58 |       |       |       |       |       ||   218
         Plate armour      |       |       |       |   116 |       |   171 |   991 |   963 |   505 ||  2746
         Crystal plate arm |       |       |       |   294 |   935 |  1073 |       |       |   346 ||  2648
  Dodge: Dodged            |    64 |    66 |   122 |   287 |   255 |   331 |   550 |   568 |   420 ||  2663
  Block: Kite shield       |       |       |       |       |       |   397 |  1763 |  1536 |  1388 ||  5084
         Reflection        |       |       |       |       |       |    54 |   146 |    40 |    20 ||   260
         Other             |       |       |       |       |       |       |       |     7 |       ||     7
